 Dungeon Crawl Stone Soup version 0.26-b1-32-g5d43845318 (webtiles) character file.

Game seed: 4352238793813309360

1425 MisterFreud the Grappler (level 8, 0/81 HPs)
             Began as a Troll Artificer on Jan 10, 2021.
             Killed by divine providence
             ... invoked by an orc priest
              (10 damage)
             ... on level 6 of the Dungeon.
             The game lasted 00:04:54 (3881 turns).

MisterFreud the Grappler (Troll Artificer)          Turns: 3881, Time: 00:04:55

Health: 0/81       AC:  6    Str: 23    XL:     8   Next: 44%
Magic:  7/7        EV: 10    Int:  7    God:
Gold:   251        SH:  0    Dex: 10    Spells: 7/7 levels left

rFire    . . .     SeeInvis .     - Unarmed
rCold    . . .     Faith    .   (no shield)
rNeg     . . .     Spirit   .   b - +0 robe
rPois    .         Reflect  .   (helmet restricted)
rElec    .         Harm     .   (no cloak)
rCorr    .         Rampage  .   (gloves unavailable)
Will     .....                  (boots unavailable)
Stlth    +.........             (no amulet)
HPRegen  0.63/turn              (no ring)
MPRegen  0.10/turn              (no ring)

@: no status effects
A: large, unfitting armour, claws 3, regeneration 1, shaggy fur 1, tough skin 3
a: no special abilities


You were on level 6 of the Dungeon.
You visited 1 branch of the dungeon, and saw 6 of its levels.

You collected 251 gold pieces.

Inventory:

Hand Weapons
 o - a +2 dagger of freezing
Missiles
 p - a throwing net
 r - 15 poisoned darts
 s - 8 javelins
 E - 10 large rocks
Armour
 b - a +0 robe (worn)
Jewellery
 x - an uncursed ring of flight {unknown}
 F - a +6 ring of intelligence {unknown}
Wands
 c - a wand of flame (31) (quivered)
 d - a wand of enslavement (15)
 e - a wand of random effects (15)
 n - a wand of digging (6)
 D - a wand of acid (7)
Scrolls
 a - 10 scrolls of identify {unknown}
 f - 2 scrolls of blinking {unknown}
 j - 4 scrolls of teleportation {unknown}
 k - a scroll of amnesia {unknown}
 l - 3 scrolls of remove curse {unknown}
 q - a scroll of immolation {unknown}
 u - a scroll of random uselessness {unknown}
 v - a scroll of noise {unknown}
 y - 2 scrolls of fog {unknown}
 B - a scroll of enchant weapon {unknown}
 H - a scroll of fear {unknown}
Potions
 g - a potion of magic {unknown}
 h - 3 potions of might {unknown}
 i - 4 potions of curing {unknown}
 m - a potion of cancellation {unknown}
 t - a potion of invisibility {unknown}
 w - a potion of mutation {unknown}
 z - a potion of lignification {unknown}
 A - 3 potions of degeneration {unknown}
 C - a potion of heal wounds {unknown}
 G - a potion of resistance {unknown}


   Skills:
 + Level 5.5 Fighting
 - Level 1.9 Dodging
 - Level 0.3 Stealth
 - Level 8.0 Unarmed Combat
 - Level 2.1 Evocations


You had 7 spell levels left.
You didn't know any spells.
Your spell library contained the following spells:

 Spells                   Type           Power        Failure   Level
 Magic Dart               Conj           0%           43%         1
 Blink                    Tloc           N/A          56%         2
 Call Imp                 Summ           0%           56%         2
 Slow                     Hex            0%           56%         2
 Conjure Flame            Conj/Fire      0%           80%         3
 Mephitic Cloud           Conj/Pois/Air  0%           80%         3


Dungeon Overview and Level Annotations

Branches:
Dungeon (6/15)
 Temple: D:4-7

Altars:
Ashenzari
Cheibriados
Elyvilon
Wu Jian
Xom
Yredelemnul
Zin

Portals:
Abyss: D:3

Annotations:
D:3 2 transporters, Borgoz's ghost, weakling GrGl


Innate Abilities, Weirdness & Mutations

You are too large for most types of armour.
You have claws for hands.
Your natural rate of healing is unusually fast.
You are covered in fur. (AC +1)
You have extremely tough skin. (AC +3)


Message History

You mangle something!!
Reactivating autopickup.
You feel a bit more experienced.
You mangle the orc!!
You kill the orc!
The orc priest invokes the aid of Beogh against you.
Pain shoots through your body!
* * * LOW HITPOINT WARNING * * *
The orc completely misses you.
The orc priest invokes the aid of Beogh against you.
Pain shoots through your body!
* * * LOW HITPOINT WARNING * * *
Items here: )))) [[[[ †††.
You barely miss the orc priest. Your claw misses the orc priest.
The orc priest mumbles some strange prayers to Beogh against you.
Beogh smites you!
* * * LOW HITPOINT WARNING * * *
The orc priest invokes the aid of Beogh against you.
Beogh smites you!
You die...

#..#...............
#..................
#...####.##'######
#.#.## #.##.#
+....###.##.##
#.##.#.......#
#.##.#.#.######
#......#......#
#####..#@####.#
#####..#[####.#.
#........ooZo....
#.#####.#.#oo....
#.#.#.##.## #...# #
.. ##..# #..# ...#


You could see 2 orc priests and an orc.

Vanquished Creatures
  Grinder (D:3)
  Sigmund (D:5)
  Edmund (D:5)
  An orc warrior (D:6)
  2 ogres
  A centaur (D:5)
  3 hounds
  2 orc priests
  2 orc wizards
  Jessica (D:3)
  3 worker ants
  3 gnolls (D:6)
  A howler monkey skeleton (D:4)
  11 adders
  A shadow imp (D:5)
  An ufetubus (D:5)
  An ooze (D:2)
  An adder zombie (D:5)
  7 dart slugs
  5 leopard geckos
  18 orcs
  6 bats
  2 giant cockroaches
  5 goblins
  5 hobgoblins
  10 jackals
  3 quokkas
  2 ball pythons
  8 frilled lizards
  A giant cockroach zombie (D:6)
  10 kobolds
  A quokka skeleton (D:6)
  5 rats
125 creatures vanquished.

Notes
Turn   | Place    | Note
-------+----------+-------------------------------------------
     0 | D:1      | MisterFreud the Troll Artificer began the quest for the
                  | Orb.
     0 | D:1      | Reached XP level 1. HP: 18/18 MP: 0/0
   115 | D:1      | Reached skill level 1 in Unarmed Combat
   191 | D:1      | Reached XP level 2. HP: 26/26 MP: 1/1
   250 | D:1      | Reached skill level 2 in Unarmed Combat
   832 | D:2      | You fall into a shaft and drop 2 floors!
   836 | D:4      | Reached XP level 3. HP: 30/32 MP: 2/2
   858 | D:4      | Reached skill level 3 in Unarmed Combat
   902 | D:3      | Noticed Jessica
   909 | D:3      | Killed Jessica
   910 | D:3      | Reached XP level 4. HP: 37/40 MP: 3/3
  1064 | D:2      | Reached skill level 4 in Unarmed Combat
  1294 | D:2      | Found a snail-covered altar of Cheibriados.
  1436 | D:3      | Reached XP level 5. HP: 46/46 MP: 4/4
  1664 | D:3      | Reached skill level 5 in Unarmed Combat
  1721 | D:3      | Found a basalt altar of Yredelemnul.
  1758 | D:3      | Noticed Grinder
  1797 | D:3      | Killed Grinder
  1798 | D:3      | Reached skill level 6 in Unarmed Combat
  1798 | D:3      | Reached XP level 6. HP: 31/54 MP: 5/5
  1871 | D:3      | Found a shimmering altar of Xom.
  1951 | D:3      | Found a transporter.
  1971 | D:3      | Identified the cursed +1 dagger of the Immovable Friends
                  | {distort, rN+++ Str-2 SInv Stlth+}
  1982 | D:3      | Noticed Borgoz's ghost (weakling GrGl)
  2022 | D:3      | Found a one-way gate to the infinite horrors of the Abyss.
  2047 | D:3      | Found a transporter.
  2476 | D:4      | Reached skill level 7 in Unarmed Combat
  2571 | D:4      | Reached XP level 7. HP: 56/60 MP: 6/6
  2782 | D:5      | Entered Level 5 of the Dungeon
  2797 | D:5      | Noticed Edmund
  2809 | D:5      | Killed Edmund
  2947 | D:5      | Reached skill level 8 in Unarmed Combat
  2947 | D:5      | Reached skill level 1 in Fighting
  3504 | D:5      | Noticed Sigmund
  3506 | D:5      | Found a broken altar of Ashenzari.
  3506 | D:5      | Found an ornate altar of the Wu Jian Council.
  3508 | D:5      | Found a glowing silver altar of Zin.
  3515 | D:5      | Killed Sigmund
  3516 | D:5      | Reached XP level 8. HP: 42/78 MP: 7/7
  3572 | D:5      | Found a white marble altar of Elyvilon.
  3798 | D:6      | Reached skill level 5 in Fighting
  3881 | D:6      | Killed from afar by an orc priest

Illustrated notes

Levels and vault maps discovered:
D:1:      minmay_arrival_plants_in_alcoves, layout_loops_corners
D:2:      layout_rooms, general_overflow_altar
D:3:      kennysheep_slugbush, layout_loops_corners, lemuel_doored_altar,
          tgw_xom, gammafunk_ghost_abyssal_escape, due_unseen_surprise,
          uniq_jessica, uniq_grinder
D:4:      layout_basic
D:5:      layout_loops_ring, minitemple, uniq_sigmund, uniq_edmund
D:6:      layout_basic, basic_altar, minmay_misc_feat_five

Skill      XL: |  1  2  3  4  5  6  7  8 |
---------------+-------------------------+-----
Unarmed Combat | 1 2 3 4 6 7 8 |  8.0
Fighting       | 4 5 |  5.5
Dodging        | |  1.9
Stealth        | |  0.3
Evocations     | |  2.1

Action                   |  1- 3 |  4- 6 |  7- 9 || total
-------------------------+-------+-------+-------++-------
Melee: Club              |    15 |       |       ||    15
       Unarmed           |    41 |   204 |   108 ||   353
       Punch             |       |     3 |    10 ||    13
 Stab: Sleeping          |     1 |       |       ||     1
Armor: Robe              |    25 |    96 |    12 ||   133
Dodge: Dodged            |    31 |   116 |    52 ||   199
